 Dungeon Crawl Stone Soup version 0.31.0-32-g396128a36d (webtiles) character file.

Game seed: 3130480550809104367

4437 denf the Cleaver (level 10, -5/90 HPs)
             Began as a Minotaur Fighter on Mar 19, 2024.
             Was a Believer of Okawaru.
             Slain by Gastronok (15 damage)
             ... on level 8 of the Dungeon.
             The game lasted 00:54:46 (6775 turns).

denf the Cleaver (Minotaur Fighter)                 Turns: 6775, Time: 00:54:46

Health: -5/90      AC: 15    Str: 32    XL:     10   Next: 14%
Magic:  9/9        EV: 10    Int:  5    God:    Okawaru [**....]
Gold:   480        SH:  5    Dex:  9    Spells: 9/9 levels left

rFire   + . .        G - +6 hammer "Marhy" {heavy, rF+}
rCold   . . .        c - +0 buckler
rNeg    + . .        S - +5 ring mail of Hedging {Slay+3}
rPois   +            (helmet restricted)
rElec   .            I - +1 cloak {rPois}
rCorr   .            (no gloves)
SInv    .            A - +0 pair of boots
Will    .....        g - amulet of magic regeneration Stlth
                     l - ring of positive energy
HPRegen 0.35/turn    R - +6 ring of strength
MPRegen 0.51/turn

%: no passive effects
@: slowed, invisible, very slow
A: horns 2, retaliatory headbutt
a: Renounce Religion, Heroism


You were on level 8 of the Dungeon.
You worshipped Okawaru.
Okawaru was pleased with you.
You visited 2 branches of the dungeon, and saw 9 of its levels.

You collected 480 gold pieces.

Inventory:

Hand Weapons
 a - a +0 war axe
 h - a +0 dagger of flaming
 j - a +2 mace of protection
 n - a +0 short sword of holy wrath
 E - a +0 orcbow
 F - a +0 heavy spear
 G - the +6 hammer "Marhy" (weapon) {heavy, rF+}
   (You found it on level 7 of the Dungeon)

   rF+:       It protects you from fire.
 H - a +4 quarterstaff of chaos
 J - a +1 hammer of protection
 K - a +0 flail of protection
 P - a +2 short sword of draining
 T - a +4 halberd
 V - a +3 short sword of venom
 X - a +1 heavy flail
Missiles
 b - 6 poisoned darts
 i - 75 stones (quivered)
 v - 6 boomerangs
 B - 4 darts of dispersal
 M - a curare-tipped dart
 W - 3 throwing nets
Armour
 c - a +0 buckler (worn)
 o - a +2 ring mail of cold resistance
 A - a +0 pair of boots (worn)
 D - a +2 cloak
 I - a +1 cloak of poison resistance (worn)
 S - the +5 ring mail of Hedging (worn) {Slay+3}
   (You found it on level 3 of the Dungeon)

   Slay+3:    It affects your accuracy & damage with ranged weapons and melee
   (+3).
Jewellery
 g - an amulet of magic regeneration (around neck)
 l - a ring of positive energy (left hand)
 N - a ring of poison resistance
 R - a +6 ring of strength (right hand)
Wands
 L - a wand of mindburst (14)
Scrolls
 d - 2 scrolls of fog {unknown}
 e - 4 scrolls of enchant weapon {unknown}
 m - 2 scrolls of enchant armour {unknown}
 p - 2 scrolls of vulnerability {unknown}
 q - 2 scrolls of revelation {unknown}
 r - a scroll of noise {unknown}
 s - 2 scrolls of silence {unknown}
 u - 3 scrolls of immolation {unknown}
 w - a scroll of butterflies {unknown}
 x - 13 scrolls of teleportation {unknown}
 y - 2 scrolls of blinking {unknown}
 O - 5 scrolls of identify {unknown}
Potions
 f - a potion of brilliance {unknown}
 k - 2 potions of invisibility
 t - a potion of degeneration {unknown}
 z - a potion of resistance {unknown}
 C - a potion of heal wounds
 Q - 2 potions of might
 U - a potion of mutation {unknown}
 Y - a potion of cancellation {unknown}


   Skills:
 + Level 8.8 Fighting
 - Level 9.3(10.2) Axes
 * Level 6.5(8.9) Maces & Flails
 + Level 8.8 Armour
 + Level 8.7 Shields


You had 9 spell levels left.
You didn't know any spells.
Your spell library contained the following spells:

 Spells                   Type           Power      Damage    Failure   Level
 Foxfire                  Conj/Fire      0%         2x1d4     61%         1
 Sandblast                Erth           0%         2d4       61%         1
 Passwall                 Erth           0%         N/A       93%         3
 Stone Arrow              Conj/Erth      0%         3d7       93%         3
 Volatile Blastmotes      Fire/Tloc      0%         2d10      93%         3
 Brom's Barrelling Bould  Conj/Erth      0%         2d3       100%        4
 Fulminant Prism          Conj/Alch      0%         3d5       100%        4
 Iskenderun's Mystic Bla  Conj/Tloc      0%         2d3       100%        4
 Fireball                 Conj/Fire      0%         3d3       100%        5
 Iskenderun's Battlesphe  Conj           0%         2d6       100%        5
 Conjure Ball Lightning   Conj/Air       0%         3x3d6     100%        6
 Plasma Beam              Fire/Air       0%         2x1d10    100%        6
 Starburst                Conj/Fire      0%         6d3       100%        6
 Orb of Destruction       Conj           0%         9d5       100%        7


Dungeon Overview and Level Annotations

Branches:
Dungeon (8/15)             Temple (1/1) D:4
   Lair: D:8-11

Altars:
Ashenzari
Cheibriados
Dithmenos
Elyvilon
Fedhas
Gozag
Hepliaklqana
Makhleb
Nemelex Xobeh
Okawaru
Qazlal
Ru
Sif Muna
Trog
Uskayaw
Vehumet
Wu Jian
Xom
Yredelemnul
Zin
The Shining One

Shops:
D:2 (   D:7 =

Annotations:
D:8 Gastronok


Innate Abilities, Weirdness & Mutations

You have a pair of horns on your head.
You reflexively headbutt those who attack you in melee.


Message History

Prince Ribbit blinks!
Prince Ribbit blinks!
Prince Ribbit blinks!
You miss Prince Ribbit. You headbutt Prince Ribbit.
Prince Ribbit is heavily wounded.
Prince Ribbit croaks regally.
Prince Ribbit hits you but does no damage. x2
You bludgeon Prince Ribbit!!
You kill Prince Ribbit!
Okawaru accepts your kill.
Gastronok the Ponderous comes into view.
He is wearing the +3 hat of Pondering {ponderous, Will+ MP+10 Int+5}.
Gastronok gurgles horribly!
Gastronok looks at you and mumbles some strange words.
You feel yourself slow down.
You bludgeon Gastronok!!
Gastronok is lightly wounded.
Gastronok bites you!
You hit Gastronok.
Gastronok is lightly wounded.
Gastronok bites you!!
You bludgeon Gastronok!! You headbutt Gastronok.
Gastronok is moderately wounded.
Gastronok bites you!!
* * * LOW HITPOINT WARNING * * *
It was a potion of invisibility.
You fade into invisibility!
Gastronok bites you but does no damage. Gastronok attacks as he pursues you!
Gastronok bites you.
* * * LOW HITPOINT WARNING * * *
You sock Gastronok!
You headbutt Gastronok, but do no damage.
Gastronok is moderately wounded.
You feel a sudden, passing aversion to salt.
It was a potion of heal wounds.
You feel much better. Gastronok bites you!!
* * * LOW HITPOINT WARNING * * *
You bludgeon Gastronok!! You headbutt Gastronok.
Gastronok is severely wounded.
Gastronok bites you!
You die...
Gastronok gurgles, "Let's see if you taste as good as that wizard did."

#.#....##..#
#.####.##..#
###########.####.##..#
#................##..#
#.#######.....####...#
##.###.####..## ##..#
#.......#
##.#.###.####..#
##@###....# #..# #w##
##.### #..# #.....##
##.# #..# #.##.#
##.### #..# #. ##....#
#..# # #.###.# #..#
#.## #.# #..# #
#.####.####..# #
#............#


You could see Gastronok.

Vanquished Creatures
  Maurice (D:7)
  Prince Ribbit (D:8)
  3 yaks (D:8)
  Eustachio (D:5)
  A steam dragon (D:6)
  A water moccasin (D:7)
  An orc warrior (D:7)
  2 black bears (D:4)
  An ice beast (D:7)
  2 ogres (D:5)
  2 centaurs
  2 phantoms
  7 bullfrogs
  3 gnoll sergeants
  A kobold brigand (D:7)
  3 scorpions
  3 wights (D:7)
  6 killer bees (D:5)
  A howler monkey (D:6)
  2 hounds
  2 gnoll boudas (D:7)
  3 orc priests
  Crazy Yiuf (D:7)
  2 iguanas (D:5)
  6 orc wizards
  3 sleepcaps (D:6)
  Robin (D:3)
  6 adders
  22 gnolls
  2 shadow imps
  2 ribbon worms
  2 dart slugs
  20 orcs
  10 endoplasms
  4 giant cockroaches
  10 goblins
  10 hobgoblins
  7 jackals
  10 kobolds
  3 quokkas
  5 ball pythons
  2 bats (D:1)
  3 frilled lizards
  3 rats
183 creatures vanquished.

Notes
Turn   | Place    | Note
-------+----------+-------------------------------------------
     0 | D:1      | denf the Minotaur Fighter began the quest for the Orb.
     0 | D:1      | Reached XP level 1. HP: 19/19 MP: 0/0
   104 | D:1      | Reached XP level 2. HP: 27/27 MP: 1/1
   126 | D:1      | Reached skill level 3 in Axes
   712 | D:2      | Found a faded altar of an unknown god.
   719 | D:2      | Reached XP level 3. HP: 31/33 MP: 2/2
   747 | D:2      | Found Wysiwkut's Antique Weapon Shop.
  1517 | D:3      | Noticed Robin
  1529 | D:3      | Killed Robin
  1546 | D:3      | Reached XP level 4. HP: 37/40 MP: 3/3
  1600 | D:3      | Found a sacrificial altar of Ru.
  1940 | D:3      | Identified the +5 ring mail of Hedging {Slay+3}
  1994 | D:3      | Reached skill level 4 in Axes
  2652 | D:4      | Noticed a black bear
  2700 | D:4      | Killed a black bear
  2701 | D:4      | Reached XP level 5. HP: 47/47 MP: 4/4
  2757 | D:4      | Reached skill level 5 in Axes
  2770 | D:4      | Found a hazy altar of Hepliaklqana.
  2815 | D:4      | Noticed a black bear
  2821 | D:4      | Killed a black bear
  2822 | D:4      | Reached skill level 5 in Fighting
  2822 | D:4      | Reached skill level 5 in Armour
  2822 | D:4      | Reached XP level 6. HP: 54/56 MP: 5/5
  2925 | D:4      | Found a staircase to the Ecumenical Temple.
  2960 | Temple   | Entered the Ecumenical Temple
  3380 | D:4      | Reached skill level 5 in Shields
  3713 | D:5      | Entered Level 5 of the Dungeon
  3770 | D:5      | Reached skill level 6 in Axes
  3771 | D:5      | Reached XP level 7. HP: 43/61 MP: 6/6
  4012 | D:5      | Found a burning altar of Makhleb.
  4015 | D:5      | Found a snail-covered altar of Cheibriados.
  4073 | D:5      | Reached skill level 7 in Axes
  4169 | D:5      | Noticed Eustachio
  4207 | D:5      | Killed Eustachio
  4208 | D:5      | Reached XP level 8. HP: 62/70 MP: 7/7
  4458 | D:6      | Reached skill level 8 in Axes
  4980 | D:6      | Reached skill level 9 in Axes
  5118 | D:6      | Reached XP level 9. HP: 70/79 MP: 8/8
  5296 | D:7      | Identified the +6 hammer "Marhy" {heavy, rF+}
  5298 | D:7      | Found a runed translucent door.
  5299 | D:7      | Noticed Crazy Yiuf
  5307 | D:7      | Killed Crazy Yiuf
  5349 | D:7      | Found Xethext's Jewellery Emporium.
  5362 | D:7      | Reached skill level 1 in Maces & Flails
  5375 | D:7      | Found a stormy altar of Qazlal.
  5375 | D:7      | Found a hide-covered altar of Uskayaw.
  5376 | D:7      | Found an iron altar of Okawaru.
  5394 | D:7      | Found a shimmering altar of Xom.
  5401 | D:7      | Became a worshipper of Warmaster Okawaru
  5892 | D:7      | Reached * piety under Okawaru
  6040 | D:7      | Noticed Maurice
  6055 | D:7      | Maurice stole a +4 halberd
  6061 | D:7      | Killed Maurice
  6081 | D:7      | Reached skill level 5 in Maces & Flails
  6486 | D:8      | Reached ** piety under Okawaru
  6683 | D:8      | Reached XP level 10. HP: 82/90 MP: 9/9
  6716 | D:8      | Noticed Prince Ribbit
  6742 | D:8      | Killed Prince Ribbit
  6761 | D:8      | Noticed Gastronok
  6775 | D:8      | Slain by Gastronok

Illustrated notes

Levels and vault maps discovered:
D:1:      heliophobic_arrival_battle_scene, layout_basic
D:2:      layout_loops_ring, serial_shops, nicolae_shop_tiny_waterfront,
          ebering_ecumenical_altar_mist, grunt_decor_cap,
          ebering_dispersal_statue_hall, serial_bayou_pond_a, item_on_display_a
D:3:      layout_loops_corners, nicolae_overflow_crystal_walls,
          grunt_ministairs_2, uniq_robin
D:4:      layout_gridville, lemuel_doored_altar, minmay_temple_entry_offerings,
          serial_park_tiny_pond, minivault_5
D:5:      layout_loops_ring, mainiacjoe_overflow_divided_tiny,
          kennysheep_generic_room_15, uniq_eustachio
D:6:      nicolae_cairo_tiling_large_dashed, layout_basic
D:7:      layout_basic, nicolae_overflow_quartered_altars, serial_shops, shop,
          uniq_crazy_yiuf_cottage, uniq_maurice
D:8:      layout_loops_ring, uniq_prince_ribbit1, uniq_gastronok, uniq_jeremiah
Temple:   oiseaux_autumnal_temple

Skill      XL: |  1  2  3  4  5  6  7  8  9 |
---------------+----------------------------+-----
Axes           | 3 4 5 6 7 9 |  9.3
Fighting       | 4 5 6 7 8 |  8.8
Armour         | 4 5 6 7 8 |  8.8
Shields        | 4 5 6 7 8 |  8.7
Maces & Flails | 6 |  6.5

Action                     |  1- 3 |  4- 6 |  7- 9 | 10-12 || total
---------------------------+-------+-------+-------+-------++-------
  Melee: War axe           |    80 |    75 |   163 |       ||   318
         Headbutt          |    11 |    11 |    42 |     6 ||    70
         Mace              |       |       |   100 |    23 ||   123
    Use: Potion            |     1 |       |     2 |     2 ||     5
 Armour: Scale mail        |    24 |       |       |       ||    24
         Chain mail        |    22 |     8 |       |       ||    30
         Ring mail         |       |    35 |   226 |    23 ||   284
  Dodge: Dodged            |    23 |    26 |   148 |     4 ||   201
  Block: Buckler           |    12 |     8 |    82 |     4 ||   106
